 Dungeon Crawl Stone Soup version 0.27.1-3-gb3d3a73c9e (webtiles) character file.

Game seed: 12299193417848680846

89 Crownlay the Digger (level 4, -4/24 HPs)
             Began as a Gargoyle Earth Elementalist on Oct 17, 2021.
             Killed from afar by Sigmund (6 damage)
             ... with a magic dart
             ... on level 3 of the Dungeon.
             The game lasted 00:02:20 (2399 turns).

Crownlay the Digger (Gargoyle Earth Elementalist)   Turns: 2399, Time: 00:02:20

Health: -4/24      AC:  5    Str: 12    XL:     4   Next: 55%
Magic:  2/8        EV: 11    Int: 16    God:
Gold:   87         SH:  0    Dex: 10    Spells: 4/8 levels left

rFire    . . .     SeeInvis .   i - +1 mace (protect)
rCold    . . .     Faith    .   (no shield)
rNeg     + . .     Spirit   .   b - +0 robe
rPois    ∞         Reflect  .   (no helmet)
rElec    +         Harm     .   (no cloak)
rCorr    .         Rampage  .   (no gloves)
Will     .....                  (no boots)
Stlth    ++........             (no amulet)
HPRegen  0.08/turn              (no ring)
MPRegen  0.11/turn              (no ring)

@: no status effects
A: sickness immunity, AC +3, negative energy resistance 1, electricity
resistance, torment resistance 1, petrification resistance
a: no special abilities


You were on level 3 of the Dungeon.
You visited 1 branch of the dungeon, and saw 3 of its levels.

You collected 87 gold pieces.

Inventory:

Hand Weapons
 i - a +1 mace of protection (weapon)
Missiles
 c - 72 stones
Armour
 b - a +0 robe (worn)
Scrolls
 e - a scroll of blinking {unknown}
 f - 2 scrolls of identify {unknown}
 g - a scroll of enchant weapon {unknown}
 h - 2 scrolls of teleportation {unknown}
Potions
 a - 2 potions of haste {unknown}
 d - 3 potions of curing {unknown}
 j - 2 potions of lignification {unknown}
 k - a potion of brilliance {unknown}
 l - a potion of resistance {unknown}


   Skills:
 - Level 1.5 Dodging
 - Level 2.1 Stealth
 + Level 2.9 Spellcasting
 - Level 0.7 Transmutations
 * Level 5.5 Earth Magic


You had 4 spell levels left.
You knew the following spells:

 Your Spells              Type           Power      Damage    Failure   Level
a - Sandblast             Erth           40%        2d10      1%          1
b - Stone Arrow           Conj/Erth      22%        3d8       19%         3

Your spell library contained the following spells:

 Spells                   Type           Power      Damage    Failure   Level
 Passwall                 Tmut/Erth      10%        N/A       8%          2
 Ignite Poison            Fire/Tmut/Pois 3%         N/A       45%         3
 Petrify                  Tmut/Erth      12%        N/A       45%         4
 Conjure Flame            Conj/Fire      2%         6-21      50%         3
 Sticky Flame             Conj/Fire      2%         2d3       88%         4


Dungeon Overview and Level Annotations

Branches:
Dungeon (3/15)

Altars:

Annotations:
D:3 Sigmund


Innate Abilities, Weirdness & Mutations

You are immune to sickness and miasma.
Your stone body is resilient. (AC +3)
You are immune to poison.
You resist negative energy. (rN+)
You are resistant to electric shocks. (rElec)
You are resistant to unholy torment.
You are immune to petrification.


Message History

No target in view!
You see here a bat corpse.
Found 28 arrows.
There is a stone staircase leading up here.
c - 78 stones (gained 8)
There is a stone staircase leading up here.
You see here a +0 mace.
You see here a +0 leather armour.
Found a stone staircase leading down.
There is a stone staircase leading down here.
Sigmund the Dreaded comes into view.
He is wielding a +0 scythe.
Sigmund shouts!
Sigmund barely misses you.
The blast of sand hits Sigmund.
Sigmund is lightly wounded.
The blast of sand hits Sigmund but does no damage.
Sigmund is lightly wounded.
Sigmund barely misses you.
The blast of sand hits Sigmund but does no damage.
Sigmund is lightly wounded.
Sigmund hits you with a +0 scythe!
The blast of sand hits Sigmund!
Sigmund is heavily wounded.
The blast of sand hits Sigmund.
Sigmund is heavily wounded.
Sigmund points at you and mumbles some strange words.
The puff of flame hits you!
Ouch! That really hurt!
* * * LOW HITPOINT WARNING * * *
You are too injured to fight recklessly!
Casting: Sandblast (safe; 1% risk of failure)
Confirm with . or Enter, or press ? or * to list all spells.
Aiming: Sandblast (safe; 1% risk of failure)
Press: ? - help, Shift-Dir - straight line, f/p - Sigmund
Aim: Sigmund, wielding a +0 scythe and wearing a +0 robe (heavily wounded, 78% to hit)
The blast of sand hits Sigmund.
Sigmund is heavily wounded.
Sigmund points at you and mumbles some strange words.
The magic dart hits you.
You die...

#........†...............
#..........#.....########
#.....###..##...##
#....(.....###.##
#.....###.## #.# #.....#
#.# #.# #.......##.####.#
................#
.......@..>..########
......@#.###.........
#........# ##########
##...##### ####


You could see Sigmund.

Vanquished Creatures
  A centaur skeleton (D:3)
  An adder (D:2)
  A worm (D:2)
  2 dart slugs (D:1)
  3 orcs (D:2)
  An endoplasm (D:3)
  2 giant cockroaches (D:1)
  3 goblins
  5 hobgoblins (D:1)
  4 kobolds
  3 quokkas
  2 ball pythons (D:2)
  8 bats
  2 frilled lizards
  3 rats
41 creatures vanquished.

Notes
Turn   | Place    | Note
-------+----------+-------------------------------------------
     0 | D:1      | Crownlay the Gargoyle Earth Elementalist began the quest
                  | for the Orb.
     0 | D:1      | Reached XP level 1. HP: 10/10 MP: 3/3
    82 | D:1      | Found a faded altar of an unknown god.
   377 | D:1      | Reached skill level 4 in Earth Magic
   390 | D:1      | Reached XP level 2. HP: 11/15 MP: 5/5
  1110 | D:1      | Reached XP level 3. HP: 19/19 MP: 6/6
  1133 | D:1      | Learned a level 3 spell: Stone Arrow
  1900 | D:2      | Reached skill level 5 in Earth Magic
  2210 | D:3      | Reached XP level 4. HP: 24/24 MP: 8/8
  2392 | D:3      | Noticed Sigmund
  2399 | D:3      | Killed from afar by Sigmund

Illustrated notes

Levels and vault maps discovered:
D:1:      dpeg_arrival_pond, layout_basic, shapermc_ecumenical_altar_venn
D:2:      layout_rooms
D:3:      layout_loops_ring, chequers_avenue, uniq_sigmund

Skill      XL: |  1  2  3 |
---------------+----------+-----
Earth Magic    | 4 5 |  5.5
Dodging        | |  1.5
Stealth        | |  2.1
Spellcasting   | |  2.9
Transmutations | |  0.7

Action                   |  1- 3 |  4- 6 || total
-------------------------+-------+-------++-------
Melee: Dagger            |    99 |       ||    99
       Mace              |    41 |    25 ||    66
 Cast: Sandblast         |    10 |     6 ||    16
 Stab: Sleeping          |     6 |     3 ||     9
Armor: Robe              |    54 |    25 ||    79
Dodge: Dodged            |    81 |    36 ||   117
